 Dungeon Crawl Stone Soup version 0.29-a0-275-g389c0b56f3 (webtiles) character file.

Game seed: 11583349413789579088

75 Morbidden the Conjurer (level 4, -2/41 HPs)
             Began as a Troll Conjurer on Mar 11, 2022.
             Succumbed to an orc wizard's poison
             ... on level 3 of the Dungeon.
             The game lasted 00:02:35 (2416 turns).

Morbidden the Conjurer (Troll Conjurer)             Turns: 2416, Time: 00:02:35

Health: -2/41      AC:  4    Str: 17    XL:     4   Next: 11%
Magic:  1/4        EV:  9    Int: 14    God:
Gold:   123        SH:  0    Dex:  8    Spells: 2/5 levels left

rFire   . . .      SeeInvis .     - Unarmed
rCold   . . .      Faith    .   (no shield)
rNeg    . . .      Spirit   .   a - +0 robe
rPois   .          Reflect  .   (helmet restricted)
rElec   .          Harm     .   (no cloak)
rCorr   .          Rampage  .   (gloves unavailable)
Will    .....                   (boots unavailable)
Stlth   +.........              (no amulet)
HPRegen 0.93/turn               (no ring)
MPRegen 0.09/turn               (no ring)

@: lethally poisoned (-2 -> -16)
A: large, unfitting armour, claws 3, regeneration 1, shaggy fur 1, tough skin 1,
hooves 1, horns 1, dopey 1, strong 1
a: no special abilities


You were on level 3 of the Dungeon.
You visited 1 branch of the dungeon, and saw 3 of its levels.

You collected 123 gold pieces.

Inventory:

Armour
 a - a +0 robe (worn)
Scrolls
 c - 2 scrolls of identify {unknown}
 d - 2 scrolls of immolation
 e - a scroll of fear {unknown}
Potions
 b - a potion of magic
 h - a potion of degeneration {unknown}


   Skills:
 * Level 1.0 Fighting
 + Level 1.7 Dodging
 + Level 1.1 Stealth
 * Level 1.8 Unarmed Combat
 * Level 1.2 Spellcasting
 * Level 3.6 Conjurations


You had 2 spell levels left.
You knew the following spells:

 Your Spells              Type           Power      Damage    Failure   Level
a - Magic Dart            Conj           44%        1d5       6%          1
b - Searing Ray           Conj           22%        2d5       9%          2

Your spell library contained the following spells:

 Spells                   Type           Power      Damage    Failure   Level
 Dazzling Flash           Conj/Hex       10%        N/A       36%         3
 Tukima's Dance           Hex            0%         N/A       61%         3
 Fulminant Prism          Conj/Hex       2%         3d6       77%         4
 Iskenderun's Mystic Bla  Conj/Tloc      5%         2d3       77%         4
 Anguish                  Hex/Necr       0%         N/A       95%         4
 Enfeeble                 Hex            0%         N/A       100%        7


Dungeon Overview and Level Annotations

Branches:
Dungeon (3/15)

Altars:
Hepliaklqana


Innate Abilities, Weirdness & Mutations

You are too large for most types of armour.
You have claws for hands.
Your natural rate of healing is unusually fast.
You are covered in fur. (AC +1)
You have tough skin. (AC +1)
You have large cloven feet.
You have a pair of small horns on your head.
You are dopey. (Int -2)
Your muscles are strong. (Str +2)


Message History

You are poisoned.
You closely miss the orc wizard.
The orc wizard is severely wounded.
You feel very sick.
The orc wizard hits you with a +2 dagger of venom!
You are more poisoned.
An orc priest comes into view. It is wielding a +0 club.
The orc hits the orc priest with a +0 flail.
You scratch the orc wizard but do no damage.
The orc wizard is severely wounded.
You feel very sick.
The orc wizard hits you with a +2 dagger of venom.
* * * LOW HITPOINT WARNING * * *
You are lethally poisoned!
The orc barely misses the orc priest.
You miss the orc wizard.
The orc wizard is severely wounded.
* * * LOW HITPOINT WARNING * * *
You feel very sick.
The orc wizard hits you with a +2 dagger of venom.
* * * LOW HITPOINT WARNING * * *
The orc priest casts a cantrip, but nothing happens.
The orc closely misses the orc priest.
The orc wizard closely misses you.
Your magical contamination has completely faded away.
Unknown command.
Unknown command.
You closely miss the orc wizard.
The orc wizard is severely wounded.
* * * LOW HITPOINT WARNING * * *
You feel very sick.
The orc barely misses the orc priest.
The orc wizard hits you but does no damage.
You are more poisoned.
The orc closely misses the orc priest.
Unknown command.
Unknown command.
It was a potion of mutation.
You feel extremely strange.
Your feet thicken and deform.
A pair of horns grows on your head!
You feel stupid.
You feel stronger.
You die...

#.<.....#...####.#
########.#
##......#._ยงยงยงยง..# #.#
####.#.#...###..#### #.#
#.#.#####.....^.# #.# #.#.#
#.#.......#########.# #.#.#
#.#.#...#...........#
#.#.###.#.##.##############
#.........##.#
############@# #o# #.# #.#
#.# #.# #o# )o.


You could see an orc priest, a neutral orc wizard (fast, strong, insane) and a
neutral orc (fast, strong, insane, distracted).

Vanquished Creatures
  An ufetubus (D:2)
  A worm (D:2)
  2 dart slugs
  4 ball pythons
  5 bats
  4 endoplasms
  A giant cockroach (D:1)
  7 goblins
  7 hobgoblins
  4 jackals (D:1)
  8 kobolds
  2 quokkas
  7 rats
53 creatures vanquished.

Vanquished Creatures (collateral kills)
  An orc (D:3)
  A goblin (D:3)
2 creatures vanquished.

Vanquished Creatures (others)
  11 plants (D:1)
11 creatures vanquished.

Grand Total: 66 creatures vanquished

Notes
Turn   | Place    | Note
-------+----------+-------------------------------------------
     0 | D:1      | Morbidden the Troll Conjurer began the quest for the Orb.
     0 | D:1      | Reached XP level 1. HP: 16/16 MP: 1/1
    95 | D:1      | Reached skill level 3 in Conjurations
   144 | D:1      | Reached XP level 2. HP: 24/24 MP: 2/2
   586 | D:1      | Reached XP level 3. HP: 31/32 MP: 0/3
   662 | D:1      | Reached skill level 1 in Unarmed Combat
  1108 | D:2      | Learned a level 2 spell: Searing Ray
  1618 | D:2      | Reached XP level 4. HP: 40/40 MP: 1/4
  1651 | D:2      | Found a faded altar of an unknown god.
  1919 | D:2      | Reached skill level 1 in Fighting
  2393 | D:3      | Found a hazy altar of Hepliaklqana.
  2415 | D:3      | HP: 2/41 [poisoned by an orc wizard]
  2416 | D:3      | Gained mutation: You have large cloven feet. [potion of
                  | mutation]
  2416 | D:3      | Gained mutation: You have a pair of small horns on your
                  | head. [potion of mutation]
  2416 | D:3      | Gained mutation: You are dopey. (Int -2) [potion of
                  | mutation]
  2416 | D:3      | Gained mutation: Your muscles are strong. (Str +2) [potion
                  | of mutation]
  2416 | D:3      | Succumbed to an orc wizard's poison

Illustrated notes

Levels and vault maps discovered:
D:1:      minmay_arrival_up_and_down, layout_loops_ring, serial_forest,
          infiniplex_forest_clump_long, infiniplex_forest_clump_tiny,
          infiniplex_forest_lined_room_, infiniplex_forest_clump_long,
          infiniplex_forest_lined_2, infiniplex_forest_lined_1, chequers_jeans
D:2:      layout_basic, hellmonk_ecumenical_altar_blasted, kennysheep_doodads
D:3:      layout_loops_corners, mainiacjoe_overflow_24_doors,
          overflow_temple_1_default, nzn_hepliaklqana_mist_gate,
          minmay_goblin_outpost, uniq_crazy_yiuf_cottage

Skill      XL: |  1  2  3  4 |
---------------+-------------+-----
Conjurations   | 3 |  3.6
Unarmed Combat | 1 |  1.8
Fighting       | 1 |  1.0
Dodging        | |  1.7
Stealth        | |  1.1
Spellcasting   | |  1.2

Action                   |  1- 3 |  4- 6 || total
-------------------------+-------+-------++-------
Melee: Unarmed           |   114 |     5 ||   119
       Punch             |     1 |       ||     1
Throw: Dart              |     2 |     2 ||     4
 Cast: Magic Dart        |    35 |    12 ||    47
  Use: Potion            |       |     1 ||     1
Armor: Robe              |    44 |     1 ||    45
Dodge: Dodged            |    59 |     2 ||    61

Table legend: (Time is in decaauts)
 A = Elapsed time spent in this place.
 B = Non-inter-level travel time spent in this place.
 C = Inter-level travel time spent in this place.
 D = Time resting spent in this place.
 E = Time spent auto-exploring this place.
 F = Levels seen in this place.
 G = Mean time per level.
                   A        B        C        D        E       F      G
               +--------+--------+--------+--------+--------+-----+--------+
         Total |   2413 |   2284 |    129 |      0 |   1959 |   3 |  804.3 |
       Dungeon |   2413 |   2284 |    129 |      0 |   1959 |   3 |  804.3 |
               +--------+--------+--------+--------+--------+-----+--------+

Top non-repeatable levels by time:
     D:2: 1192 daAuts
     D:1: 994 daAuts
     D:3: 226 daAuts
